 Dungeon Crawl Stone Soup version 0.20-a0-11-ga97c7b5 (webtiles) character file.

572679 esc the Wrestler (level 27, 0/259 HPs)
             Began as a Vine Stalker Fighter on Nov 2, 2016.
             Was a Believer of Uskayaw.
             Slain by a shadow dragon (7 damage)
             ... on level 5 of the Depths.
             The game lasted 03:48:32 (48774 turns).

esc the Wrestler (Vine Stalker Fighter)            Turns: 48774, Time: 03:48:33

Health: 0/259      AC: 36    Str: 34    XL:     27
Magic:  0/36       EV:  9    Int:  9    God:    Uskayaw [**....]
Gold:   2336       SH: 18    Dex: 24    Spells: 1 memorised, 33 levels left

rFire  + + .     SeeInvis +       - Unarmed
rCold  + + .     Gourm    .     N - +1 gold dragon scales
rNeg   . . .     Faith    .     F - +2 shield of Resistance {rF+ rC+ MR+}
rPois  +         Spirit   +     S - +2 hat
rElec  .         Reflect  .     V - +1 cloak {MR+}
rCorr  .         Harm     .     b - +2 pair of gloves
MR     +++++                    R - +1 pair of boots {Stlth+}
Stlth  ..........               y - amulet of Vitality {Regen+ HP+15}
                                W - ring "Wass" {Str+2 Dex+3 Slay+3 SInv}
                                z - ring of the Octopus King {Wiz AC+1 EV+1 Str+1 Int+1 Dex+1}

@: berserking, very slightly contaminated, constricted, studying Fighting,
drained, very quick
A: fangs 3, horns 1, thin metallic scales 1, regeneration 2, magic shield,
antimagic bite, no device heal 3, rot immunity
a: Stomp, Line Pass, Renounce Religion
}: 3/15 runes: serpentine, barnacled, silver


You were on level 5 of the Depths.
You worshipped Uskayaw.
Uskayaw was most pleased with you.
You were not hungry.

You visited 11 branches of the dungeon, and saw 47 of its levels.
You visited the Abyss 2 times.
You visited 1 bazaar.
You also visited: Ossuary, Ice Cave and Wizlab.

You collected 6873 gold pieces.
You spent 4537 gold pieces at shops.

Inventory:

Missiles
 x - 36 poisoned javelins (quivered)
 L - 3 throwing nets {=f, !d}
Armour
 b - a +2 pair of gloves (worn)
   (You bought it in a shop on level 13 of the Dungeon)
 F - the +2 shield of Resistance (worn) {rF+ rC+ MR+}
   (You took it off a deep elf elementalist on level 3 of the Elven Halls)

   It protects you from fire.
   It protects you from cold.
   It affects your resistance to hostile enchantments.
 N - +1 gold dragon scales (worn)
   (You found it on level 5 of the Vaults)
 R - a +1 pair of boots of stealth (worn)
   (You found it on level 5 of the Vaults)
 S - a +2 hat (worn)
   (You found it in an ice cave)
 V - a +1 cloak of magic resistance (worn)
   (You acquired it on level 1 of the Depths)
Jewellery
 y - the amulet of Vitality (around neck) {Regen+ HP+15}
   (You bought it in a shop in a bazaar)

   [amulet of regeneration]

   It affects your health (+15).
   It increases your rate of regeneration.
 z - a ring of the Octopus King (left hand) {Wiz AC+1 EV+1 Str+1 Int+1 Dex+1}
   (You took it off an ironbrand convoker on level 5 of the Vaults)

   [ring of wizardry]

   It improves your spell success rate.
   It affects your AC (+1).
   It affects your evasion (+1).
   It affects your strength (+1).
   It affects your intelligence (+1).
   It affects your dexterity (+1).
 W - the ring "Wass" (right hand) {Str+2 Dex+3 Slay+3 SInv}
   (You bought it in a shop on level 5 of the Depths)

   [ring of strength]

   It affects your strength (+2).
   It affects your dexterity (+3).
   It affects your accuracy and damage with ranged weapons and melee attacks
   (+3).
   It lets you see invisible.
Wands
 e - a wand of digging (5/24)
   (You found it on level 15 of the Dungeon)
 i - a wand of teleportation (6/9)
   (You found it in an ice cave)
 u - a wand of lightning (9/15)
   (You found it in an ice cave)
 B - a wand of confusion (16/48)
   (You found it in an ice cave)
 E - a wand of disintegration (8/24)
   (You found it on level 4 of the Lair of Beasts)
 I - a wand of slowing (23/48)
   (You found it on level 4 of the Snake Pit)
 T - a wand of acid (4/15)
   (You found it on level 7 of the Dungeon)
 X - a wand of iceblast (8/15)
   (You found it in an ice cave)
Scrolls
 f - 6 scrolls of identify
 j - a scroll of fear
 n - 2 scrolls of teleportation
 o - 8 scrolls of fog
 p - 17 scrolls of remove curse
 s - 2 scrolls of summoning
 K - 3 scrolls of magic mapping {!r}
 Q - 4 scrolls of blinking {!r}
 U - a scroll of recharging
Potions
 a - 3 potions of haste
 g - 8 potions of lignification {!q}
 k - 2 potions of cancellation
 l - 5 potions of cure mutation {!q}
 m - 4 potions of invisibility
 r - 3 potions of berserk rage {!q}
 t - 13 potions of curing
 v - 7 potions of ambrosia
 C - 4 potions of might
 H - 7 potions of flight
 O - 4 potions of magic
 Y - 2 potions of agility
Books
 Z - a manual of Fighting {!d}
   (You found it on level 2 of the Depths)
Miscellaneous
 d - a lamp of fire
   (You found it on level 3 of the Elven Halls)
 w - 2 phantom mirrors
 A - 4 boxes of beasts
 D - a phial of floods
   (You found it on level 3 of the Elven Halls)
 G - a fan of gales
   (You found it on level 5 of the Vaults)
 M - 4 sacks of spiders
 P - the horn of Geryon
   (You took it off Geryon in the Vestibule of Hell)
Comestibles
 c - a chunk of flesh {@w0}
 h - 22 meat rations {@e2}
 J - 4 bread rations {@e1}


   Skills:
 + Level 20.8(19.6) Fighting
 + Level 18.4(17.2) Armour
 - Level 5.8(4.9) Dodging
 - Level 15.4(14.3) Shields
 + Level 21.7(20.4) Unarmed Combat
 - Level 4.0(3.2) Spellcasting
 - Level 16.6(15.5) Invocations
 - Level 11.4(10.4) Evocations


You had 33 spell levels left.
You knew the following spells:

 Your Spells              Type           Power        Failure   Level  Hunger
g - Apportation           Tloc           #.........   96%         1    ##.....


Dungeon Overview and Level Annotations

Branches:
Dungeon (15/15)            Temple (1/1) D:5            Lair (6/6) D:9
 Shoals (4/4) Lair:2        Snake (4/4) Lair:3        Slime (0/5) Lair:6
    Orc (2/2) D:11            Elf (3/3) Orc:2        Vaults (5/5) D:13
  Crypt (0/3) Vaults:3     Depths (5/5) D:15           Hell (1/1)
    Zot (1/5) Depths:5
    Dis: Hell:1         Geh: Hell:1         Coc: Hell:1         Tar: Hell:1

Altars:
Ashenzari
Cheibriados
Dithmenos
Elyvilon
Fedhas
Gozag
Hepliaklqana
Kikubaaqudgha
Makhleb
Nemelex Xobeh
Okawaru
Qazlal
Ru
Sif Muna
Trog
Uskayaw
Vehumet
Xom
Yredelemnul
Zin
The Shining One
Beogh

Shops:
D:5 !   D:11 !   D:13 %:[(   Orc:1 (   Orc:2 **%!%}(   Elf:2 =   Vaults:1 (
Vaults:3 :   Depths:3 !   Depths:5 =}=

Portals:
Hell: Depths:1 Depths:2 Depths:3 Depths:5
Pandemonium: Orc:2 Depths:1 Depths:3 Depths:5
Ziggurat: Depths:2

Annotations:
D:5 1 runed door
Zot:1 crazy welcoming party!


Innate Abilities, Weirdness & Mutations

You have razor-sharp teeth.
You heal very quickly.
When hurt, damage is shared between your health and your magic reserves.
Your bite disrupts and absorbs the magic of your enemies.
Potions and wands cannot restore your health.
You are immune to rotting.
You have a pair of small horns on your head.
You are partially covered in thin metallic scales. (AC +2)


Message History

The shadow dragon bites you but does no damage.
The shadow dragon claws you but does no damage.
The shadow dragon claws you!
You now have 106/259 hp.
You pummel the moth of wrath!!
You kill the moth of wrath!
You block the tentacled monstrosity's attack.
The tentacled monstrosity closely misses you.
The tentacled monstrosity tentacle-slaps you but does no damage.
The tentacled monstrosity constricts you.
You take 1 damage, and have 105/259 hp.
You hit the red draconian monk.
Your bite misses the red draconian monk.
You block the red draconian monk's attack.
The red draconian monk kicks you but does no damage.
You block the red draconian monk's attack.
The moth of wrath bites you.
The shadow dragon completely misses you.
The shadow dragon claws you but does no damage.
The shadow dragon closely misses you.
The tentacled monstrosity tentacle-slaps you but does no damage. x3
The moth of wrath bites you but does no damage.
The shadow dragon bites you!
You feel drained. The shadow dragon barely misses you.
The shadow dragon claws you but does no damage.
You take 10 damage, and have 95/259 hp.
You now have 12/36 mp.
You pummel the red draconian monk!! You bite the red draconian monk!
You drain its power.
You feel invigorated.
You block the red draconian monk's attack.
The red draconian monk kicks you but does no damage.
The red draconian monk tail-slaps you!
You can now pass through a line of other dancers.
You take 10 damage, and have 85/259 hp.
You regained 10 mp, and now have 22/36 mp.
You pummel the red draconian monk!!
Your bite misses the red draconian monk.
The shadow dragon bites you. The shadow dragon claws you!
* * * LOW HITPOINT WARNING * * *
The shadow dragon claws you but does no damage.
The shadow dragon bites you but does no damage.
You block the shadow dragon's attack. x2; The moth of wrath bites you!
* * * LOW HITPOINT WARNING * * *
The tentacled monstrosity completely misses you.
The tentacled monstrosity tentacle-slaps you.
* * * LOW HITPOINT WARNING * * *
The tentacled monstrosity tentacle-slaps you but does no damage.
The tentacled monstrosity constricts you.
You block the moth of wrath's attack.
The tentacled monstrosity tentacle-slaps you but does no damage. x3
You take 26 damage, and have 59/259 hp.
You now have 16/36 mp.
You miss the red draconian monk.
Your headbutt misses the red draconian monk.
You bite the red draconian monk. You drain its power.
You feel invigorated. You block the shadow dragon's attack.
The shadow dragon claws you.
* * * LOW HITPOINT WARNING * * *
The shadow dragon claws you but does no damage.
The red draconian monk hits you!!
* * * LOW HITPOINT WARNING * * *
You block the red draconian monk's attack.
The red draconian monk tail-slaps you but does no damage.
The shadow dragon barely misses you.
The shadow dragon claws you but does no damage.
You block the shadow dragon's attack.
You take 19 damage, and have 40/259 hp.
You now have 13/36 mp.
You hit the red draconian monk.
Your headbutt misses the red draconian monk.
Your bite misses the red draconian monk.
The moth of wrath bites you.
* * * LOW HITPOINT WARNING * * *
The moth of wrath bites you but does no damage.
The tentacled monstrosity tentacle-slaps you but does no damage.
You block the tentacled monstrosity's attack.
The tentacled monstrosity tentacle-slaps you but does no damage.
* * * LOW HITPOINT WARNING * * *
The tentacled monstrosity constricts you.
The tentacled monstrosity tentacle-slaps you.
* * * LOW HITPOINT WARNING * * *
You block the tentacled monstrosity's attack.
The tentacled monstrosity tentacle-slaps you but does no damage.
You take 9 damage, and have 31/259 hp.
You now have 10/36 mp.
You are too berserk!
You are too berserk!
You barely miss the red draconian monk. You bite the red draconian monk.
You drain its power.
You feel invigorated.
You block the shadow dragon's attack. x2; The shadow dragon barely misses you.
The red draconian monk hits you!
* * * LOW HITPOINT WARNING * * *
The red draconian monk kicks you but does no damage.
You block the red draconian monk's attack.
The shadow dragon bites you.
* * * LOW HITPOINT WARNING * * *
The shadow dragon claws you!
* * * LOW HITPOINT WARNING * * *
The shadow dragon claws you but does no damage.
You take 26 damage, and have 5/259 hp.
You now have 1/36 mp.
The tentacled monstrosity's grasp on you weakens, but your attempt to escape fails.
The moth of wrath bites you but does no damage. x2
The shadow dragon bites you!
You die...

##..#.##....##......#............
...##..#.....##.....#............
##.....##.....##....#############
#.###..#......##....# #.#
##.##......##...# #.#
#..#/....∩.##..#
#.#####.#.([...y.#..#
#.......#.)...XqD##.#
####.###.#.(⌠...@D.#.#
.........#.(...yyX##.#
####.###.#.(....y.#..#
####'##..#[(.....##.##
........##......##%.#
........#......##..##
...)...##..[..##...#
.......#.)[..##....# ##########
......##.[..##..#..# #........#


You could see 2 shadow dragons, 2 tentacled monstrosities, a red draconian monk
(berserk) and 4 moths of wrath.

Vanquished Creatures
  2 ancient liches (Vaults:5)
  Mara (Shoals:3)
  Sojobo (Vaults:4)
  Frederick (Vaults:4)
  Vashnia (Snake:4)
  Saint Roka (Vaults:4)
  Geryon (Hell)
  8 golden dragons
  Jory (Vaults:4)
  Jorgrun (Snake:4)
  2 tentacled monstrosities
  An Ice Fiend (IceCv)
  5 titans
  4 deep elf blademasters (Elf:3)
  2 liches
  A quicksilver dragon (Depths:4)
  3 deep elf master archers (Elf:3)
  The ghost of Oozefury the Brawler, an adept VSMo of Cheibriados (Vaults:3)
  3 death cobs (Depths:5)
  Frances (D:14)
  Kirke (D:14)
  4 sphinxes
  Agnes (Snake:4)
  4 storm dragons
  3 tengu reavers
  5 shadow dragons
  Donald (Elf:1)
  Roxanne (D:15)
  9 nagarajas
  Ilsuiw (Shoals:4)
  2 iron dragons (Vaults:5)
  11 fire giants
  2 draconian zealots (Depths:5)
  13 vault wardens
  8 frost giants
  3 deep elf sorcerers (Elf:3)
  A draconian scorcher (Depths:5)
  A ghoul (Vaults:4)
  5 deep elf elementalists
  An orc warlord (Orc:2)
  A war gargoyle (Vaults:5)
  Louise (D:15)
  21 very ugly things
  2 balrugs
  4 spriggan defenders
  29 stone giants
  15 ironheart preservers
  3 deep elf demonologists (Elf:3)
  3 green draconians (Depths:5)
  3 vampire knights
  2 entropy weavers
  11 purple draconians (WizLab)
  7 spark wasps (Depths:2)
  A mottled draconian (Depths:5)
  13 deep elf annihilators
  6 merfolk javelineers
  9 statues (WizLab)
  A white draconian (Depths:5)
  9 fire dragons
  13 deep elf death magi
  11 ettins
  Josephine (D:15)
  10 great orbs of eyes
  9 merfolk impalers
  20 naga warriors
  8 deep elf high priests
  31 vault guards
  18 yaktaur captains
  8 rakshasas
  4 ice dragons
  2 hydras (Lair:4)
  14 centaur warriors
  10 anacondas
  3 merfolk aquamancers
  2 spriggan air magi (Depths:2)
  4 merfolk avatars
  4 death knights
  29 dancing weapons
  5 satyrs
  11 ogre magi
  2 thrashing horrors (Abyss:2)
  5 deep troll shamans
  3 tengu warriors
  5 orc high priests (Orc:2)
  10 deep troll earth magi
  Urug (Lair:2)
  2 vampire magi
  10 spriggan berserkers
  16 naga sharpshooters
  A sun demon (Depths:1)
  3 spriggans
  A soul eater (Hell)
  11 shock serpents
  Nergalle (Lair:2)
  29 deep elf knights
  3 sixfirhies
  2 salamander mystics
  10 skeletal warriors
  2 shadow wraiths (Vaults:4)
  An iron troll (Depths:1)
  2 infernal demonspawn
  3 gelid demonspawn (Orc:2)
  16 sea snakes
  5 hell knights
  3 flayed ghosts
  3 unseen horrors
  A hill giant (shapeshifter) (Depths:2)
  32 deep trolls
  2 glowing orange brains (Depths:1)
  A sea snake (shapeshifter) (D:15)
  6 wizards
  17 ironbrand convokers
  8 hill giants
  A tengu zombie (Vaults:4)
  A sphinx zombie (Depths:1)
  A wolf spider zombie (D:12)
  16 deep elf archers
  8 naga ritualists
  A harpy (shapeshifter) (Vaults:4)
  7 harpies
  85 deep elf magi
  A shadow dragon zombie (Depths:3)
  7 mana vipers
  9 necromancers
  6 phantasmal warriors
  48 ugly things
  23 orc knights
  10 orc sorcerers
  A frost giant zombie (Vaults:4)
  4 wolf spiders
  22 manticores
  16 fauns
  3 human zombies
  A worldbinder (Abyss:2)
  14 slime creatures
  4 salamanders
  2 moths of wrath (Depths:5)
  8 cyclopes
  A stone giant skeleton (Vaults:2)
  An ice statue (IceCv)
  4 sirens
  4 rust devils (Hell)
  13 vault sentinels
  7 elephants
  A frost giant skeleton (Vaults:2)
  4 smoke demons
  13 guardian serpents
  5 water nymphs
  2 apocalypse crabs (Abyss:2)
  55 black mambas
  A spiny frog (shapeshifter) (Vaults:1)
  11 spiny frogs
  Psyche (D:12)
  A spriggan skeleton (Depths:3)
  11 naga magi
  A storm dragon simulacrum (Vaults:2)
  A yaktaur zombie (Depths:1)
  4 orange demons
  2 rime drakes
  A rime drake (shapeshifter) (D:13)
  2 yaktaurs (shapeshifter)
  A kobold demonologist (Abyss:2)
  11 freezing wraiths
  2 anaconda simulacra (IceCv)
  3 efreet
  9 komodo dragons
  2 centaur skeletons
  61 yaktaurs
  A komodo dragon (shapeshifter) (Vaults:3)
  5 tengu conjurers
  A demonic crawler (Abyss:2)
  7 ice devils (IceCv)
  4 ancient zymes (Abyss:2)
  2 red devils (Orc:2)
  A hellwing (Depths:3)
  11 two-headed ogres
  A yaktaur skeleton (Depths:1)
  31 merfolk
  A silent spectre (Abyss:2)
  A two-headed ogre (shapeshifter) (Depths:3)
  A shadow dragon simulacrum (Depths:1)
  A polar bear (Lair:5)
  A wind drake (shapeshifter) (D:15)
  2 jumping spiders (shapeshifter)
  5 wind drakes
  A tengu simulacrum (Vaults:4)
  Grinder (D:5)
  16 blink frogs
  18 trolls
  10 hornets
  A dream sheep (shapeshifter) (Vaults:5)
  A raiju (shapeshifter) (D:15)
  A wolf spider simulacrum (D:15)
  Prince Ribbit (D:7)
  An ettin zombie (Vaults:3)
  5 dream sheep
  8 hippogriffs
  A stone giant simulacrum (Vaults:2)
  3 raiju (Abyss:2)
  12 snapping turtles
  40 yaks
  6 redbacks
  10 air elementals
  12 wyverns
  A ynoxinul (Abyss:2)
  A spriggan (shapeshifter) (Depths:3)
  7 wraiths
  3 dire elephant simulacra (IceCv)
  A yak (shapeshifter) (D:15)
  6 fire elementals
  2 tarantellas
  A basilisk (shapeshifter) (Depths:2)
  18 water elementals
  2 neqoxecs (Orc:2)
  A golden eye (shapeshifter) (Vaults:1)
  A basilisk (Lair:5)
  A human (D:7)
  A vampire mosquito (D:15)
  4 hogs (D:7)
  6 large abominations
  3 chaos spawn
  The ghost of Oozefury the Ruffian, an amateur DrTm (D:4)
  2 steam dragons
  Grum (D:9)
  2 hungry ghosts
  A death yak simulacrum (IceCv)
  Menkaure (D:7)
  A mottled dragon (shapeshifter) (D:15)
  8 wargs
  6 harpy simulacra (IceCv)
  Edmund (D:6)
  4 iron troll simulacra (IceCv)
  2 mottled dragons
  64 nagas
  A spatial vortex (Abyss:2)
  A soldier ant (shapeshifter) (Vaults:5)
  4 hydra simulacra (IceCv)
  18 water moccasins
  6 porcupines
  4 black bears
  An eye of draining (D:13)
  4 ice beasts
  An eye of draining (shapeshifter) (Depths:1)
  3 sky beasts
  67 orc warriors
  57 ogres
  A necrophage (D:13)
  3 phantoms
  14 boggarts
  2 elf skeletons
  16 wolves
  2 human skeletons (Vaults:2)
  28 centaurs
  A big kobold (D:9)
  15 crocodiles
  15 bullfrogs
  An earth elemental (Elf:3)
  2 wyvern zombies
  A water moccasin zombie (Ossuary)
  7 scorpions
  7 killer bees
  5 wights (D:3)
  9 small abominations (Abyss:2)
  4 howler monkeys
  12 crimson imps
  5 bullfrog zombies
  4 centaur zombies
  4 draconian simulacra (IceCv)
  3 quasits
  7 hounds
  7 jellies
  34 orc priests
  4 bullfrog skeletons
  19 orc wizards
  3 iron imps (Abyss:2)
  5 iguanas
  Terence (D:3)
  A spriggan simulacrum (IceCv)
  A hell rat (D:9)
  A polar bear simulacrum (IceCv)
  24 worker ants
  5 troll simulacra (IceCv)
  A wolf simulacrum (IceCv)
  2 centaur simulacra (IceCv)
  2 hound zombies
  A hound skeleton (D:6)
  14 mummies (Ossuary)
  3 worker ant zombies
  A howler monkey zombie (Ossuary)
  Robin (D:2)
  22 adders
  A howler monkey skeleton (D:7)
  2 ogre simulacra (IceCv)
  A river rat (D:9)
  3 naga simulacra (IceCv)
  5 shadow imps
  4 white imps (IceCv)
  5 ufetubi (IceCv)
  4 oozes
  2 adder skeletons
  4 adder zombies
  2 worms
  7 leopard geckos
  103 orcs
  4 bats
  9 giant cockroaches
  21 goblins
  13 hobgoblins
  15 jackals
  8 quokkas
  A quokka (shapeshifter) (Vaults:5)
  2 frilled lizards
  16 kobolds
  A quokka skeleton (D:4)
  4 quokka zombies
  6 rats
  2 butterflies (D:5)
2336 creatures vanquished.

Vanquished Creatures (collateral kills)
  A juggernaut (Depths:5)
  A tengu reaver (Vaults:4)
  A storm dragon (Vaults:5)
  A hydra (Lair:1)
  A black mamba (Snake:4)
  2 trolls (Vaults:4)
  An orc warrior (Vaults:4)
  A boggart (Vaults:2)
  2 orcs (Vaults:4)
11 creatures vanquished.

Vanquished Creatures (others)
  A fire giant (Depths:2)
  A deep elf knight (Elf:2)
  A wizard (Vaults:3)
  An ironbrand convoker (Vaults:1)
  A faun (Shoals:3)
  A two-headed ogre (Depths:2)
  A spriggan (Depths:2)
  A hog (D:14)
  A jelly (Abyss:2)
  3 fungi
  11 plants
  A withered plant (Ossuary)
24 creatures vanquished.

Grand Total: 2371 creatures vanquished

Notes
Turn   | Place    | Note
-------+----------+-------------------------------------------
     0 | D:1      | esc the Vine Stalker Fighter began the quest for the Orb.
     0 | D:1      | Reached XP level 1. HP: 11/11 MP: 2/2
   117 | D:1      | Reached XP level 2. HP: 10/16 MP: 3/3
   281 | D:1      | Reached skill level 3 in Unarmed Combat
   439 | D:1      | Reached XP level 3. HP: 14/19 MP: 4/4
   915 | D:2      | Found a sacrificial altar of Ru.
   916 | D:2      | Noticed Robin
   920 | D:2      | Reached skill level 4 in Unarmed Combat
   920 | D:2      | Gained mutation: Your natural rate of healing is unusually fast. [Vine Stalker growth]
   920 | D:2      | Reached XP level 4. HP: 23/23 MP: 5/5
  1032 | D:2      | Killed Robin
  1156 | D:2      | Reached XP level 5. HP: 28/28 MP: 6/6
  1304 | D:2      | Reached skill level 3 in Fighting
  1846 | D:3      | Reached skill level 1 in Dodging
  1846 | D:3      | Reached skill level 3 in Shields
  1925 | D:3      | Noticed Terence
  1938 | D:3      | Killed Terence
  1938 | D:3      | Reached XP level 6. HP: 32/32 MP: 5/7
  2379 | D:3      | Reached skill level 3 in Armour
  2385 | D:3      | Reached skill level 5 in Unarmed Combat
  2386 | D:3      | Reached XP level 7. HP: 36/36 MP: 8/8
  2389 | D:3      | Reached skill level 2 in Dodging
  2690 | D:4      | Noticed Oozefury's ghost (amateur DrTm)
  2708 | D:3      | HP: 6/37 [worker ant (4)]
  2709 | D:3      | HP: 1/37 [worker ant (5)]
  2720 | D:3      | HP: 3/37 [worker ant (4)]
  2827 | D:5      | Entered Level 5 of the Dungeon
  2827 | D:5      | Found a staircase to the Ecumenical Temple.
  2834 | Temple   | Entered the Ecumenical Temple
  2889 | Temple   | Became a worshipper of Uskayaw the Reveler
  2930 | D:5      | Found a shattered altar of Ashenzari.
  2931 | D:5      | Found a shadowy altar of Dithmenos.
  2931 | D:5      | Found an iron altar of Okawaru.
  2932 | D:5      | Found a glowing golden altar of the Shining One.
  3008 | D:5      | Noticed Grinder
  3014 | D:5      | Reached * piety under Uskayaw
  3015 | D:5      | Reached ** piety under Uskayaw
  3017 | D:5      | Killed Grinder
  3017 | D:5      | Reached skill level 4 in Fighting
  3017 | D:5      | Reached skill level 4 in Shields
  3017 | D:5      | Reached *** piety under Uskayaw
  3222 | D:5      | Found a runed door.
  3236 | D:5      | Found a runed door.
  3244 | D:5      | Gained mutation: You have razor-sharp teeth. [Vine Stalker growth]
  3244 | D:5      | Reached XP level 8. HP: 42/42 MP: 9/9
  3251 | D:5      | Reached **** piety under Uskayaw
  3255 | D:5      | Reached ***** piety under Uskayaw
  3363 | D:5      | Reached skill level 4 in Armour
  3506 | D:5      | Found Tutreug's Distillery.
  3578 | D:4      | Killed Oozefury's ghost
  3578 | D:4      | Reached skill level 6 in Unarmed Combat
  3578 | D:4      | Reached skill level 1 in Invocations
  3720 | D:4      | Reached skill level 2 in Invocations
  3837 | D:4      | Found a burning altar of Makhleb.
  3887 | D:4      | Found a basalt altar of Yredelemnul.
  4065 | D:6      | Reached skill level 5 in Shields
  4118 | D:6      | Noticed Edmund
  4260 | D:6      | Killed Edmund
  4260 | D:6      | Reached skill level 5 in Fighting
  4260 | D:6      | Reached XP level 9. HP: 47/47 MP: 11/11
  4636 | D:6      | Reached skill level 5 in Armour
  4675 | D:6      | Reached skill level 3 in Invocations
  4846 | D:7      | Noticed Menkaure
  4852 | D:7      | Killed Menkaure
  5031 | D:7      | Reached skill level 7 in Unarmed Combat
  5033 | D:7      | Reached skill level 6 in Shields
  5038 | D:7      | Reached skill level 4 in Invocations
  5040 | D:7      | Reached skill level 6 in Fighting
  5040 | D:7      | Reached XP level 10. HP: 53/53 MP: 14/14
  5392 | D:7      | Noticed Prince Ribbit
  5404 | D:7      | Killed Prince Ribbit
  5486 | D:8      | Reached skill level 1 in Evocations
  5589 | D:8      | Found a blossoming altar of Fedhas.
  5590 | D:8      | Found an ancient bone altar of Kikubaaqudgha.
  5650 | D:8      | Found a stormy altar of Qazlal.
  5696 | D:8      | Found an opulent altar of Gozag.
  5968 | D:8      | Found a sand-covered staircase.
  5973 | Ossuary  | Entered an ossuary
  5984 | Ossuary  | Reached skill level 2 in Evocations
  5993 | Ossuary  | Reached skill level 5 in Invocations
  6017 | Ossuary  | Reached skill level 6 in Armour
  6019 | Ossuary  | Reached ****** piety under Uskayaw
  6315 | D:8      | Gained mutation: You are partially covered in thin metallic scales. (AC +2) [potion of beneficial mutation]
  6594 | D:8      | Reached skill level 8 in Unarmed Combat
  6832 | D:9      | Reached skill level 7 in Shields
  6835 | D:9      | Reached skill level 7 in Fighting
  6855 | D:9      | Noticed Grum
  6884 | D:9      | Killed Grum
  6913 | D:9      | Found a staircase to the Lair.
  6918 | D:9      | Reached XP level 11. HP: 56/58 MP: 16/16
  7455 | Lair:1   | Entered Level 1 of the Lair of Beasts
  7521 | Lair:1   | Gained mutation: You have a pair of small horns on your head. [potion of beneficial mutation]
  7723 | Lair:1   | Noticed an eight-headed hydra
  7731 | Lair:1   | Killed an eight-headed hydra
  7731 | Lair:1   | Reached skill level 6 in Invocations
  7744 | Lair:1   | Got a shimmering chain mail
  7755 | Lair:1   | Identified the +5 chain mail of Wonder {+Inv Dex+5} (You found it on level 1 of the Lair of Beasts)
  7856 | Lair:1   | You fall through a shaft!
  8569 | Lair:2   | Noticed Nergalle
  8628 | Lair:2   | Killed Nergalle
  8719 | Lair:2   | Reached skill level 7 in Armour
  8857 | Lair:2   | Reached skill level 9 in Unarmed Combat
  8930 | Lair:2   | Reached skill level 3 in Evocations
  8981 | Lair:2   | Found a staircase to the Shoals.
  9035 | Lair:2   | Reached skill level 8 in Shields
  9088 | Lair:2   | Noticed Urug
  9101 | Lair:2   | Killed Urug
  9385 | Lair:2   | Reached skill level 8 in Fighting
  9385 | Lair:2   | Reached skill level 7 in Invocations
  9385 | Lair:2   | Gained mutation: You heal very quickly. [Vine Stalker growth]
  9385 | Lair:2   | Reached XP level 12. HP: 64/64 MP: 18/18
  9839 | Lair:3   | Found a staircase to the Snake Pit.
  9965 | Lair:3   | Reached skill level 4 in Evocations
 10944 | Lair:4   | Reached skill level 8 in Invocations
 11001 | Lair:4   | Noticed an eight-headed hydra
 11047 | Lair:4   | Killed an eight-headed hydra
 11047 | Lair:4   | Reached skill level 9 in Shields
 11151 | Lair:4   | Noticed a five-headed hydra
 11159 | Lair:4   | Killed a five-headed hydra
 11159 | Lair:4   | Reached skill level 10 in Unarmed Combat
 11170 | Lair:4   | Reached skill level 5 in Evocations
 11715 | Lair:5   | Reached skill level 8 in Armour
 11715 | Lair:5   | Reached XP level 13. HP: 70/70 MP: 20/20
 11905 | Lair:5   | Reached skill level 9 in Fighting
 11998 | Lair:5   | You fall through a shaft!
 11998 | Lair:6   | Entered Level 6 of the Lair of Beasts
 12185 | Lair:5   | Reached skill level 9 in Invocations
 13089 | Lair:6   | Reached skill level 6 in Evocations
 13108 | Lair:6   | Found a staircase to the Slime Pits.
 13652 | Lair:6   | Reached XP level 14. HP: 42/75 MP: 12/22
 13729 | Lair:6   | Reached skill level 11 in Unarmed Combat
 13989 | D:10     | Entered Level 10 of the Dungeon
 13991 | D:10     | Reached skill level 9 in Armour
 14076 | D:10     | Reached skill level 10 in Shields
 14793 | D:11     | Reached skill level 10 in Invocations
 14945 | D:11     | Found a staircase to the Orcish Mines.
 14986 | D:11     | Reached skill level 10 in Fighting
 15040 | D:11     | Found Osow's Distillery.
 15123 | D:11     | Bought a potion of curing for 36 gold pieces
 15123 | D:11     | Bought a potion of haste for 120 gold pieces
 15580 | D:12     | Noticed Psyche
 15582 | D:12     | Killed Psyche
 16116 | D:13     | Found a gate to the Vaults.
 16218 | D:13     | Reached skill level 11 in Shields
 16226 | D:13     | Found Penaeresch's Antique Weapon Shoppe.
 16226 | D:13     | Found Gufeush's Armour Shoppe.
 16244 | D:13     | Found Meilax's Book Shoppe.
 16244 | D:13     | Found Zistruut's Food Shoppe.
 16254 | D:13     | Bought a +2 cloak of invisibility for 322 gold pieces
 16254 | D:13     | Bought a +2 pair of gloves for 247 gold pieces
 16888 | D:14     | Noticed Frances
 16895 | D:14     | Killed Frances
 17100 | D:14     | Noticed Kirke
 17107 | D:14     | Killed Kirke
 17107 | D:14     | Reached skill level 12 in Shields
 17483 | D:15     | Entered Level 15 of the Dungeon
 17491 | D:15     | Reached XP level 15. HP: 80/80 MP: 23/23
 17717 | D:15     | Reached skill level 13 in Shields
 17919 | D:15     | Noticed Roxanne
 17959 | D:15     | Noticed Louise
 17962 | D:15     | Cast into level 2 of the Abyss (Louise)
 17990 | Abyss:2  | Identified the Reference Book on Dislocated Poison
 18029 | Abyss:2  | Noticed a tentacled starspawn
 18236 | D:15     | Escaped the Abyss
 18246 | D:15     | Killed Louise
 18409 | D:15     | Noticed Josephine
 18416 | D:15     | Killed Josephine
 18649 | D:15     | Reached skill level 14 in Shields
 18663 | D:15     | Found a staircase to the Depths.
 18826 | D:15     | Killed Roxanne
 18935 | Orc:1    | Entered Level 1 of the Orcish Mines
 18935 | Orc:1    | Found a roughly hewn altar of Beogh.
 18935 | Orc:1    | Found Daasku Haxi's Antique Weapon Shoppe.
 19161 | Snake:1  | Entered Level 1 of the Snake Pit
 19360 | Snake:1  | Reached skill level 15 in Shields
 19543 | Snake:1  | Learned a level 1 spell: Apportation
 19642 | Snake:1  | Reached XP level 16. HP: 73/85 MP: 20/24
 19698 | Snake:1  | Found a frozen archway.
 19702 | IceCv    | Entered an ice cave
 20313 | IceCv    | Noticed an Ice Fiend
 20353 | IceCv    | HP: 46/193 [Ice Fiend/bolt of cold (13)]
 20354 | IceCv    | Killed an Ice Fiend
 20360 | IceCv    | HP: 46/193 [anaconda simulacrum (4)]
 20957 | Snake:1  | You fall through a shaft!
 21077 | Snake:2  | Noticed a nagaraja
 21083 | Snake:2  | Killed a nagaraja
 21291 | Snake:2  | Reached skill level 12 in Unarmed Combat
 21444 | Snake:2  | Reached skill level 11 in Invocations
 21538 | Snake:1  | Reached skill level 11 in Fighting
 21920 | Snake:1  | Reached skill level 10 in Armour
 22161 | Snake:3  | Noticed a nagaraja
 22170 | Snake:3  | Killed a nagaraja
 22535 | Snake:3  | Noticed a nagaraja
 22553 | Snake:3  | Killed a nagaraja
 22553 | Snake:3  | Reached XP level 17. HP: 91/91 MP: 26/26
 22886 | Snake:4  | Entered Level 4 of the Snake Pit
 23004 | Snake:4  | Noticed Jorgrun
 23015 | Snake:4  | Killed Jorgrun
 23219 | Snake:4  | Noticed Agnes
 23227 | Snake:4  | Killed Agnes
 23366 | Snake:4  | Reached skill level 12 in Invocations
 23414 | Snake:4  | Reached skill level 13 in Unarmed Combat
 23856 | Snake:4  | Reached skill level 12 in Fighting
 23992 | Snake:4  | Noticed Vashnia
 23996 | Snake:4  | Reached skill level 11 in Armour
 24049 | Snake:4  | Killed Vashnia
 24298 | Snake:4  | Reached XP level 18. HP: 93/98 MP: 24/28
 24646 | Snake:4  | Got a serpentine rune of Zot
 25243 | Orc:1    | Reached skill level 13 in Invocations
 25370 | Orc:2    | Entered Level 2 of the Orcish Mines
 25523 | Orc:2    | Found Segyinuc's Assorted Antiques.
 25541 | Orc:2    | Bought a scroll of blinking for 210 gold pieces
 25541 | Orc:2    | Bought a scroll of teleportation for 84 gold pieces
 25541 | Orc:2    | Bought a scroll of identify for 56 gold pieces
 25541 | Orc:2    | Bought a steaming granite ring for 140 gold pieces
 25541 | Orc:2    | Bought a scroll of identify for 56 gold pieces
 25541 | Orc:2    | Bought a ring of protection for 56 gold pieces
 25542 | Orc:2    | Identified the ring "Fuso" {rN+ Int+3} (You bought it in a shop on level 2 of the Orcish Mines)
 25611 | Orc:2    | Found Joqoqaaj's Assorted Antiques.
 25619 | Orc:2    | Bought a scroll of blinking for 232 gold pieces
 25713 | Orc:2    | Found Xufeq's Food Boutique.
 25782 | Orc:2    | Found a staircase to the Elven Halls.
 25825 | Orc:2    | Found Wuse's Distillery.
 25830 | Orc:2    | Found Ugoudab's Food Emporium.
 25989 | Orc:2    | Bought a potion of haste for 150 gold pieces
 25989 | Orc:2    | Bought a potion of curing for 45 gold pieces
 26220 | Orc:2    | Reached skill level 14 in Unarmed Combat
 26252 | Orc:2    | Reached skill level 13 in Fighting
 26336 | Orc:2    | Found Lipt's Gadget Boutique.
 26336 | Orc:2    | Found a one-way gate leading to the halls of Pandemonium.
 26336 | Orc:2    | Found Buoprose's Antique Weapon Shop.
 26418 | Orc:2    | Bought a potion of haste for 310 gold pieces
 26418 | Orc:2    | Bought a scroll of identify for 62 gold pieces
 26418 | Orc:2    | Bought a potion of curing for 93 gold pieces
 26564 | Shoals:1 | Entered Level 1 of the Shoals
 27155 | Shoals:1 | Reached skill level 12 in Armour
 27525 | Shoals:2 | HP: 25/100 [poisoned by a sea snake]
 27530 | Shoals:2 | HP: 23/100 [poisoned by a sea snake]
 27535 | Shoals:2 | HP: 23/100 [poisoned by a sea snake]
 27540 | Shoals:2 | HP: 23/100 [poisoned by a sea snake]
 28211 | Shoals:3 | Got a jewelled battleaxe
 28369 | Shoals:3 | Reached XP level 19. HP: 62/105 MP: 30/30
 28689 | Shoals:3 | Found a flickering gateway to a bazaar.
 28702 | Bazaar   | Entered a bazaar
 28702 | Bazaar   | Found Reakukhliown's General Store.
 28702 | Bazaar   | Found Eptaezubb's Food Emporium.
 28703 | Bazaar   | Found Luyffuiq's Gadget Shoppe.
 28703 | Bazaar   | Found Tuofuvam's Jewellery Emporium.
 28740 | Bazaar   | Bought the amulet of Vitality {Regen+ HP+15} for 444 gold pieces
 28751 | Bazaar   | Bought a scroll of enchant armour for 97 gold pieces
 28751 | Bazaar   | Bought a box of beasts for 260 gold pieces
 28751 | Bazaar   | Bought a scroll of summoning for 123 gold pieces
 28755 | Bazaar   | Bought a sack of spiders for 260 gold pieces
 28916 | Shoals:4 | Entered Level 4 of the Shoals
 28916 | Shoals:4 | Noticed Ilsuiw
 28953 | Shoals:4 | Noticed Mara
 29122 | Shoals:3 | Reached skill level 14 in Invocations
 29169 | Shoals:4 | Killed Ilsuiw
 29239 | Shoals:4 | Found Akaenuk's Gadget Boutique.
 29535 | Shoals:3 | Killed Mara
 29535 | Shoals:3 | Reached skill level 15 in Unarmed Combat
 29612 | Shoals:4 | Reached skill level 14 in Fighting
 29757 | Shoals:4 | Got a barnacled rune of Zot
 30097 | Shoals:4 | Got a sparkling glass ring
 30100 | Shoals:4 | Identified the ring "Yfabut" {Fire Dex+3} (You took it off a merfolk on level 4 of the Shoals)
 30319 | Shoals:4 | Got a smoking granite ring
 30321 | Shoals:4 | Identified the ring "Tuigg" {rPois Dex+2} (You found it on level 4 of the Shoals)
 30531 | Elf:1    | Entered Level 1 of the Elven Halls
 30586 | Elf:1    | Cast into level 2 of the Abyss (trident of distortion)
 30845 | Abyss:2  | Noticed a lich
 30898 | Abyss:2  | Killed a lich
 31357 | Elf:1    | Escaped the Abyss
 31580 | Elf:1    | Noticed Donald
 31589 | Elf:1    | Killed Donald
 31589 | Elf:1    | Reached XP level 20. HP: 112/112 MP: 32/32
 31783 | Elf:1    | Reached skill level 13 in Armour
 32118 | Elf:2    | Found a runed gate.
 32119 | Elf:2    | Found a runed gate.
 32132 | Elf:2    | Reached skill level 15 in Invocations
 32176 | Elf:2    | Found a runed gate.
 32215 | Elf:2    | Found Zoprec's Jewellery Emporium.
 32426 | Elf:2    | Found a magical portal.
 32430 | WizLab   | Entered Iskenderun's Mystic Tower
 33122 | WizLab   | Identified Iskenderun's Guide on Battle Magic
 33122 | WizLab   | Identified Iskenderun's Volume of Arcane Weapons
 33169 | WizLab   | Reached skill level 16 in Unarmed Combat
 33496 | Elf:2    | Reached skill level 15 in Fighting
 33991 | Elf:3    | Entered Level 3 of the Elven Halls
 34511 | Elf:3    | Found a bloodstained altar of Trog.
 34521 | Elf:3    | Reached XP level 21. HP: 117/117 MP: 33/33
 34669 | Elf:3    | HP: 33/132 [deep elf blademaster/rapier (7)]
 35448 | Elf:3    | Reached skill level 14 in Armour
 35550 | Elf:3    | Reached skill level 16 in Invocations
 35590 | Elf:3    | Got an uncursed ancient quarterstaff {speed}
 35764 | Elf:3    | Got a transparent great sword {slice}
 35814 | Elf:3    | Got a flickering iron ring
 35868 | Elf:3    | Identified the ring "Kaerchup" {*Slow rPois rN+++ Str+2 Int-2} (You took it off a deep elf master archer on level 3 of the Elven Halls)
 35883 | Elf:3    | Got a dazzling spear {holy}
 36135 | Vaults:1 | Entered Level 1 of the Vaults
 36345 | Vaults:1 | Found Reuz's Weapon Boutique.
 36788 | Vaults:1 | Reached skill level 17 in Unarmed Combat
 36930 | Vaults:1 | Reached skill level 16 in Fighting
 37168 | Vaults:2 | Reached XP level 22. HP: 114/124 MP: 32/35
 37233 | Vaults:2 | Reached skill level 3 in Dodging
 37245 | Vaults:2 | Reached skill level 1 in Spellcasting
 37352 | Vaults:2 | Identified a scroll of acquirement
 37519 | Vaults:2 | Reached skill level 2 in Spellcasting
 37526 | Vaults:2 | Found a roughly hewn altar of Beogh.
 37694 | Vaults:2 | Reached skill level 4 in Dodging
 37724 | Vaults:2 | Reached skill level 3 in Spellcasting
 38139 | Vaults:2 | Reached skill level 4 in Spellcasting
 38218 | Vaults:2 | HP: 33/140 [mirror damage (5)]
 38632 | Vaults:3 | Reached skill level 7 in Evocations
 38655 | Vaults:3 | Found Ehogg's Book Boutique.
 38793 | Vaults:3 | Reached skill level 5 in Dodging
 38800 | Vaults:3 | Reached skill level 15 in Armour
 38816 | Vaults:3 | Noticed Oozefury's ghost (adept VSMo)
 38856 | Vaults:3 | Killed Oozefury's ghost
 39147 | Vaults:3 | Found a staircase to the Crypt.
 39981 | Vaults:4 | Reached XP level 23. HP: 130/130 MP: 36/36
 40174 | Vaults:4 | Noticed Saint Roka
 40186 | Vaults:4 | Noticed Jory
 40268 | Vaults:4 | Reached skill level 18 in Unarmed Combat
 40466 | Vaults:4 | Reached skill level 8 in Evocations
 40616 | Vaults:4 | Noticed Frederick
 40637 | Vaults:4 | Killed Saint Roka
 41027 | Vaults:4 | Noticed Sojobo
 41042 | Vaults:4 | Killed Sojobo
 41098 | Vaults:4 | Killed Frederick
 41098 | Vaults:4 | Reached skill level 17 in Fighting
 41222 | Vaults:5 | Entered Level 5 of the Vaults
 41249 | Vaults:4 | Reached skill level 9 in Evocations
 41526 | Vaults:4 | Killed Jory
 41660 | Vaults:5 | Reached XP level 24. HP: 136/136 MP: 36/36
 41853 | Vaults:5 | Reached skill level 10 in Evocations
 41966 | Vaults:5 | Got a bloodstained leather armour
 41967 | Vaults:5 | Identified the +1 leather armour "Wyonaoj" {Str+8 Int-5 Dex+3} (You found it on level 5 of the Vaults)
 41984 | Vaults:5 | Noticed an ancient lich
 41996 | Vaults:5 | Killed an ancient lich
 41996 | Vaults:5 | Reached skill level 16 in Armour
 41996 | Vaults:5 | Reached skill level 19 in Unarmed Combat
 42236 | Vaults:5 | Noticed an ancient lich
 42359 | Vaults:5 | Killed an ancient lich
 42535 | Vaults:5 | Reached skill level 11 in Evocations
 42619 | Vaults:5 | Reached skill level 18 in Fighting
 42761 | Vaults:5 | Got a ring of the Octopus King
 42762 | Vaults:5 | Identified a ring of the Octopus King {Wiz AC+1 EV+1 Str+1 Int+1 Dex+1} (You took it off an ironbrand convoker on level 5 of the Vaults)
 42931 | Vaults:5 | Reached XP level 25. HP: 142/142 MP: 35/36
 42959 | Vaults:5 | Got a distressingly furry chain mail
 42960 | Vaults:5 | Identified the +6 chain mail "Ceppiozue" {+Blink rPois Int-4 Slay+3} (You found it on level 5 of the Vaults)
 43060 | Vaults:5 | Got a silver rune of Zot
 43270 | Vaults:5 | Got a crude falchion {flame}
 43944 | Depths:1 | Entered Level 1 of the Depths
 44581 | Depths:1 | Reached skill level 20 in Unarmed Combat
 44845 | Depths:1 | Found a gateway to Hell.
 44999 | Hell     | Entered the Vestibule of Hell
 44999 | Hell     | Noticed Geryon
 45041 | Hell     | Killed Geryon
 45041 | Hell     | Reached skill level 17 in Armour
 45217 | Depths:2 | Found a gateway to a ziggurat.
 45650 | Depths:2 | Identified Sif Muna's Catalogue of Ignition and Poison
 45725 | Depths:2 | HP: 39/159 [deep troll (22)]
 46021 | Depths:2 | Reached skill level 19 in Fighting
 46029 | Depths:2 | Reached XP level 26. HP: 91/150 MP: 32/36
 46032 | Depths:2 | HP: 39/165 [flayed ghost/flay_damage (10)]
 46036 | Depths:2 | HP: 19/165 [golden dragon/bolt of fire (5)]
 46672 | Depths:3 | Reached skill level 21 in Unarmed Combat
 47046 | Depths:3 | Reached skill level 20 in Fighting
 47048 | Depths:3 | Reached skill level 18 in Armour
 47121 | Depths:3 | Found Sanaw's Distillery.
 47164 | Depths:3 | Bought a potion of agility for 76 gold pieces
 47164 | Depths:3 | Bought 2 potions of might for 152 gold pieces
 47164 | Depths:3 | Bought a potion of haste for 190 gold pieces
 47164 | Depths:3 | Bought 2 potions of might for 152 gold pieces
 47725 | Depths:5 | Entered Level 5 of the Depths
 47807 | Depths:5 | Found Zieck's Gadget Emporium.
 47808 | Depths:5 | Found Laf Odd's Jewellery Shop.
 47808 | Depths:5 | Found Plog's Jewellery Shop.
 47814 | Depths:5 | Bought the ring "Wass" {Str+2 Dex+3 Slay+3 SInv} for 564 gold pieces
 47847 | Depths:5 | Noticed a juggernaut
 47855 | Depths:5 | Killed a juggernaut
 48247 | Depths:5 | Found a gate to the Realm of Zot.
 48663 | Zot:1    | Entered Level 1 of the Realm of Zot
 48724 | Depths:5 | Reached XP level 27. HP: 117/158 MP: 36/36
 48770 | Depths:5 | HP: 64/259 [moth of wrath (8)]
 48772 | Depths:5 | HP: 31/259 [tentacled monstrosity (3)]
 48773 | Depths:5 | HP: 5/259 [shadow dragon (11)]
 48774 | Depths:5 | Slain by a shadow dragon

Vault maps used:
D:1:      lightli_arrival_quake, serial_park_tiny_2
D:2:      minmay_door_path, nicolae_ru_great_annihilating_truth,
          minmay_split_cup_large, uniq_robin
D:3:      uniq_terence
D:4:      kennysheep_mini_moat, lemuel_coloured_pillars_altar
D:5:      lemuel_insect_pit, chequers_temple_overflow_statue_of_worship,
          first_bread, serial_shops, nicolae_shop_behind_doors,
          minmay_item_behind_shaft, kennysheep_small_circle, uniq_grinder
D:6:      uniq_edmund
D:7:      grunt_livestock, st_stairs_3, eino_curves_02, uniq_prince_ribbit1,
          uniq_menkaure
D:8:      grunt_temple_overflow_growth_and_decay, grunt_qazlal_sundering,
          grunt_gozag_statues, enter_ossuary_2
D:9:      dpeg_lair_monsters, minivault_25, uniq_grum
D:11:     serial_shops, nicolae_shop_waterfront, serial_aquarium,
          aquarium_bridge_square, aquarium_window_1, aquarium_window_fake,
          aquarium_window_fake, aquarium_window_fake, aquarium_view_2b,
          aquarium_balcony_1b
D:12:     uniq_psyche
D:13:     david_vaults_5, minmay_shop_grid_forest, spider_trap
D:14:     kennysheep_another_room, uniq_kirke, uniq_frances
D:15:     gammafunk_enter_depths_forms, st_stairs_6, uniq_josephine,
          uniq_roxanne, uniq_louise
Temple:   zaba_magenta_temple
Lair:1:   grunt_megastairs_1
Lair:2:   elwin_shoals_entry_stream, infiniplex_staircase_pool,
          lemuel_fruit_fields, lemuel_fruit_fields, uniq_urug, uniq_nergalle
Lair:3:   guppyfry_snake_entry_island
Lair:6:   hangedman_lair_tendril_chambers, nicolae_slime_entry_slimehenge
Shoals:3: serial_shops, bzr_entry_safe
Shoals:4: shoals_end_simple, shoal_ilsuiw, serial_shops, shop, uniq_mara
Snake:1:  portal_ice_cave_entry_pillars_four, evilmike_ambush
Snake:2:  st_stairs_1
Snake:4:  johnstein_snake_rune_scales, grunt_ministairs_12, uniq_vashnia,
          uniq_jorgrun, uniq_agnes
Orc:1:    serial_shops, shop, mines2_david
Orc:2:    pf_orc_diabolical, serial_shops, shop, shop,
          nicolae_shop_overgrown_old_shop
Elf:1:    minivault_28, serial_sigils_hangedman_carve,
          hangedman_elf_targetted_burst, uniq_donald
Elf:2:    mu_enter_wizlab_7, serial_shops, shop_statue, abandoned_shop
Elf:3:    minmay_elf_hall_furrowed, evilmike_spriggan_trog_shrine
Vaults:1: nicolae_vaults_big_ls, nicolae_vaults_murderbox,
          nicolae_vaults_hallways_thing, grunt_vaults_swirl,
          vaults_dpeg_encased_lava, vaults_standard_mumra_lines,
          nicolae_vaults_little_squares_6, vaults_room_grunt_arrival_ludios,
          vaults_room_door_hall, serial_shops, shop
Vaults:2: v_rooms_1, v_rooms_4, vaults_dpeg_spiral, v_pattern_3,
          nicolae_vaults_stairing_the_circle, v_misc_8, special_room_vaults,
          v_alt_pattern_5, hangedman_vaults_slice, vaults_dpeg_doors
Vaults:3: v_alt_pattern_3, nicolae_vaults_know_your_exits, v_alt_pattern_1,
          ontoclasm_vaults_spin, serial_shops, shop
Vaults:4: ontoclasm_vaults_claustrophobia, v_rooms_6,
          nicolae_vaults_yaktaur_gun_rack, v_alt_pattern_2,
          hangedman_vaults_corner_blocks, v_misc_12,
          nicolae_vaults_network_periphery, nicolae_vaults_rhombus_6, v_misc_27,
          vaults_dpeg_ring, uniq_frederick, uniq_saint_roka, uniq_sojobo,
          uniq_jory
Vaults:5: serial_shops
Depths:1: rand_demon_pan_entry_3, grunt_hell_entry_dis_mu,
          kennysheep_generic_room_4
Depths:2: grunt_runaround, serial_shops, hell_entry
Depths:3: minmay_bloctagon, roderic_lattice_a, serial_shops,
          nicolae_shop_statue_plus, hell_entry, rand_demon_pan_entry_5,
          wad_scary_box
Depths:4: kennysheep_funnel, hell_entry, abyss_entry, minmay_misc_feat_enclosed
Depths:5: grunt_zot_entry_bicorn, hell_entry, pan_entry, serial_bayou_shore_a,
          minmay_shop_grove
Zot:1:    nicolae_moth_party, evilmike_ambush
Abyss:2:  minivault_20, evilmike_abyss_exit_10
Bazaar:   bazaar_minmay_row
Ossuary:  ossuary_zaba_flooded
IceCv:    ice_cave_caverns_01
WizLab:   wizlab_iskenderun

Skill      XL: |  1  2  3  4  5  6  7  8  9 10 11 12 13 14 15 16 17 18 19 20 21 22 23 24 25 26 |
---------------+-------------------------------------------------------------------------------+-----
Unarmed Combat | 3 4 5 6 7 8 9 10 11 12 13 14 15 16 17 18 19 20 21 | 21.7
Fighting       | 3 4 5 6 7 8 9 10 11 12 13 14 15 16 17 18 19 20 | 20.8
Dodging        | 1 2 5 |  5.8
Shields        | 3 4 5 6 7 8 9 12 15 | 15.4
Armour         | 3 4 5 6 7 8 9 10 11 12 13 14 15 16 17 18 | 18.4
Invocations    | 2 4 5 7 8 9 10 11 12 13 14 15 16 | 16.6
Evocations     | 2 3 5 6 7 9 11 | 11.4
Spellcasting   | 4 |  4.0

Action                   |  1- 3 |  4- 6 |  7- 9 | 10-12 | 13-15 | 16-18 | 19-21 | 22-24 | 25-27 || total
-------------------------+-------+-------+-------+-------+-------+-------+-------+-------+-------++-------
Melee: Unarmed           |   108 |   193 |   281 |   668 |  1239 |  1598 |  1596 |  1354 |   984 ||  8021
       Bite              |    27 |    67 |   111 |   292 |   633 |   806 |   821 |   810 |   559 ||  4126
       Headbutt          |       |       |       |   109 |   461 |   545 |   555 |   551 |   350 ||  2571
 Fire: Blowgun           |       |       |       |     4 |     1 |       |       |       |       ||     5
Invok: Stomp             |       |       |       |       |       |       |       |     5 |     1 ||     6
 Abil: Evoke Berserk Rag |     1 |     4 |     9 |    19 |    24 |    25 |     4 |       |       ||    86
       Evoke Invisibilit |       |       |       |       |     1 |       |     1 |       |       ||     2
Evoke: Wand              |       |       |       |    13 |     4 |     2 |     4 |    10 |     4 ||    37
       Box of beasts     |       |       |       |     1 |       |       |     1 |     2 |       ||     4
       Phial of floods   |       |       |       |       |       |       |       |     3 |       ||     3
       Lamp of fire      |       |       |       |       |       |       |       |     2 |     1 ||     3
       Sack of spiders   |       |       |       |       |       |       |       |     1 |     1 ||     2
       Phantom mirror    |       |       |       |       |       |       |       |     1 |       ||     1
       Horn of Geryon    |       |       |       |       |       |       |       |       |     1 ||     1
  Use: Scroll            |       |     1 |       |    23 |    10 |    14 |    17 |     6 |     7 ||    78
       Potion            |       |       |     3 |     4 |       |     6 |     3 |    14 |     4 ||    34
 Stab: Paralysed         |       |       |    11 |    37 |   107 |   152 |   142 |   177 |   137 ||   763
       Distracted        |       |       |       |       |       |     1 |       |     1 |       ||     2
       Invisible         |       |       |       |       |       |       |     3 |       |       ||     3
  Eat: Chunk             |       |     9 |    11 |    34 |    42 |    28 |    11 |    15 |    13 ||   163
       Pizza             |       |       |     1 |     2 |     7 |     2 |     3 |       |     3 ||    18
       Bread ration      |       |       |     1 |       |       |     5 |     4 |     1 |       ||    11
       Beef jerky        |       |       |       |     3 |       |     1 |     2 |       |       ||     6
       Royal jelly       |       |       |       |       |       |       |       |     1 |     2 ||     3
Armor: Scale mail        |    30 |    53 |    66 |   111 |       |       |       |       |       ||   260
       Chain mail        |       |       |       |   133 |   471 |   540 |   452 |   345 |       ||  1941
       Skin              |       |       |       |       |       |    10 |       |       |       ||    10
       Gold dragon scale |       |       |       |       |       |       |       |     7 |   401 ||   408
Dodge: Dodged            |    29 |    52 |    92 |   259 |   351 |   302 |   279 |   378 |   236 ||  1978
Block: Shield            |    48 |    83 |    19 |       |       |   846 |   795 |   861 |   631 ||  3283
       Buckler           |       |       |    46 |   192 |   406 |    65 |       |       |       ||   709

Vault maps used:
D:1:      lightli_arrival_quake, serial_park_tiny_2
D:2:      minmay_door_path, nicolae_ru_great_annihilating_truth,
          minmay_split_cup_large, uniq_robin
D:3:      uniq_terence
D:4:      kennysheep_mini_moat, lemuel_coloured_pillars_altar
D:5:      lemuel_insect_pit, chequers_temple_overflow_statue_of_worship,
          first_bread, serial_shops, nicolae_shop_behind_doors,
          minmay_item_behind_shaft, kennysheep_small_circle, uniq_grinder
D:6:      uniq_edmund
D:7:      grunt_livestock, st_stairs_3, eino_curves_02, uniq_prince_ribbit1,
          uniq_menkaure
D:8:      grunt_temple_overflow_growth_and_decay, grunt_qazlal_sundering,
          grunt_gozag_statues, enter_ossuary_2
D:9:      dpeg_lair_monsters, minivault_25, uniq_grum
D:11:     serial_shops, nicolae_shop_waterfront, serial_aquarium,
          aquarium_bridge_square, aquarium_window_1, aquarium_window_fake,
          aquarium_window_fake, aquarium_window_fake, aquarium_view_2b,
          aquarium_balcony_1b
D:12:     uniq_psyche
D:13:     david_vaults_5, minmay_shop_grid_forest, spider_trap
D:14:     kennysheep_another_room, uniq_kirke, uniq_frances
D:15:     gammafunk_enter_depths_forms, st_stairs_6, uniq_josephine,
          uniq_roxanne, uniq_louise
Temple:   zaba_magenta_temple
Lair:1:   grunt_megastairs_1
Lair:2:   elwin_shoals_entry_stream, infiniplex_staircase_pool,
          lemuel_fruit_fields, lemuel_fruit_fields, uniq_urug, uniq_nergalle
Lair:3:   guppyfry_snake_entry_island
Lair:6:   hangedman_lair_tendril_chambers, nicolae_slime_entry_slimehenge
Shoals:3: serial_shops, bzr_entry_safe
Shoals:4: shoals_end_simple, shoal_ilsuiw, serial_shops, shop, uniq_mara
Snake:1:  portal_ice_cave_entry_pillars_four, evilmike_ambush
Snake:2:  st_stairs_1
Snake:4:  johnstein_snake_rune_scales, grunt_ministairs_12, uniq_vashnia,
          uniq_jorgrun, uniq_agnes
Orc:1:    serial_shops, shop, mines2_david
Orc:2:    pf_orc_diabolical, serial_shops, shop, shop,
          nicolae_shop_overgrown_old_shop
Elf:1:    minivault_28, serial_sigils_hangedman_carve,
          hangedman_elf_targetted_burst, uniq_donald
Elf:2:    mu_enter_wizlab_7, serial_shops, shop_statue, abandoned_shop
Elf:3:    minmay_elf_hall_furrowed, evilmike_spriggan_trog_shrine
Vaults:1: nicolae_vaults_big_ls, nicolae_vaults_murderbox,
          nicolae_vaults_hallways_thing, grunt_vaults_swirl,
          vaults_dpeg_encased_lava, vaults_standard_mumra_lines,
          nicolae_vaults_little_squares_6, vaults_room_grunt_arrival_ludios,
          vaults_room_door_hall, serial_shops, shop
Vaults:2: v_rooms_1, v_rooms_4, vaults_dpeg_spiral, v_pattern_3,
          nicolae_vaults_stairing_the_circle, v_misc_8, special_room_vaults,
          v_alt_pattern_5, hangedman_vaults_slice, vaults_dpeg_doors
Vaults:3: v_alt_pattern_3, nicolae_vaults_know_your_exits, v_alt_pattern_1,
          ontoclasm_vaults_spin, serial_shops, shop
Vaults:4: ontoclasm_vaults_claustrophobia, v_rooms_6,
          nicolae_vaults_yaktaur_gun_rack, v_alt_pattern_2,
          hangedman_vaults_corner_blocks, v_misc_12,
          nicolae_vaults_network_periphery, nicolae_vaults_rhombus_6, v_misc_27,
          vaults_dpeg_ring, uniq_frederick, uniq_saint_roka, uniq_sojobo,
          uniq_jory
Vaults:5: serial_shops
Depths:1: rand_demon_pan_entry_3, grunt_hell_entry_dis_mu,
          kennysheep_generic_room_4
Depths:2: grunt_runaround, serial_shops, hell_entry
Depths:3: minmay_bloctagon, roderic_lattice_a, serial_shops,
          nicolae_shop_statue_plus, hell_entry, rand_demon_pan_entry_5,
          wad_scary_box
Depths:4: kennysheep_funnel, hell_entry, abyss_entry, minmay_misc_feat_enclosed
Depths:5: grunt_zot_entry_bicorn, hell_entry, pan_entry, serial_bayou_shore_a,
          minmay_shop_grove
Zot:1:    nicolae_moth_party, evilmike_ambush
Abyss:2:  minivault_20, evilmike_abyss_exit_10
Bazaar:   bazaar_minmay_row
Ossuary:  ossuary_zaba_flooded
IceCv:    ice_cave_caverns_01
WizLab:   wizlab_iskenderun

Table legend:
 A = Turns spent in this place as a percentage of turns spent in the entire game.
 B = Non-inter-level travel turns spent in this place as a percentage of non-inter-level travel turns spent in the entire game.
 C = Inter-level travel turns spent in this place as a percentage of turns spent in this place.
 D = Turns resting spent in this place as a percentage of non-inter-level travel turns spent in this place.
 E = Turns spent auto-exploring this place as a percentage of non-inter-level travel turns spent in this place.
 F = Non-inter-level travel turns spent in this place divided by the number of levels of this place that you've seen.
                   A       B       C       D       E      F
               +-------+-------+-------+-------+-------+----------------------
         Total | 100.0 | 100.0 |   0.5 |   1.3 |   6.1 | 383.4
       Dungeon |  19.5 |  19.4 |   1.0 |   0.7 |   9.0 | 263.2
        Temple |   0.3 |   0.3 |   1.9 |   0.0 |   2.0 |  51.0
          Lair |   8.4 |   8.4 |   0.8 |   2.0 |   9.1 | 285.2
        Shoals |   9.5 |   9.5 |   0.5 |   2.1 |   4.1 | 480.5
     Snake Pit |  10.4 |  10.4 |   0.6 |   2.0 |   5.7 | 526.5
  Orcish Mines |   3.9 |   3.9 |   0.4 |   0.8 |   5.4 | 397.0
   Elven Halls |   9.3 |   9.4 |   0.3 |   1.1 |   4.4 | 633.7
        Vaults |  18.4 |  18.4 |   0.3 |   0.4 |   5.6 | 748.2
        Depths |   9.0 |   9.0 |   0.4 |   0.8 |   7.3 | 367.6
          Hell |   0.3 |   0.3 |   0.0 |   6.7 |   0.0 |  60.0
           Zot |   0.1 |   0.1 |   0.0 |   0.0 |   0.0 |  16.0
         Abyss |   4.1 |   4.1 |   0.0 |   1.1 |   0.1 | 415.5
        Bazaar |   0.3 |   0.3 |   0.0 |   0.0 |   5.8 |  69.0
       Ossuary |   1.0 |   1.0 |   0.0 |   0.0 |   8.7 | 195.0
      Ice Cave |   2.6 |   2.6 |   0.0 |   5.5 |   3.6 | 528.0
        Wizlab |   3.0 |   3.0 |   0.0 |   2.3 |   2.1 | 609.0
               +-------+-------+-------+-------+-------+----------------------

Table legend:
 A = Kills in this place as a percentage of kills in entire the game.
 B = Kills by you in this place as a percentage of kills by you in the entire game.
 C = Kills by friends in this place as a percentage of kills by friends in the entire game.
 D = Other kills in this place as a percentage of other kills in the entire game.
 E = Experience gained in this place as a percentage of experience gained in the entire game.
 F = Experience gained in this place divided by the number of levels of this place that you have seen.
                   A       B       C       D       E      F
               +-------+-------+-------+-------+-------+----------------------
         Total | 100.0 | 100.0 | 100.0 | 100.0 | 100.0 | 23837.7
       Dungeon |  19.2 |  19.4 |   0.0 |   0.0 |   5.1 | 4285.9
          Lair |   8.1 |   8.1 |   9.1 |   0.0 |   3.7 | 7824.0
        Shoals |   6.6 |   6.6 |   0.0 |  16.7 |   7.2 | 22835.0
     Snake Pit |   9.2 |   9.2 |   9.1 |   0.0 |  10.2 | 32342.8
  Orcish Mines |   5.1 |   5.2 |   0.0 |   0.0 |   2.1 | 13118.0
   Elven Halls |   6.6 |   6.6 |   0.0 |  16.7 |  10.3 | 43475.0
        Vaults |  24.9 |  24.6 |  72.7 |  33.3 |  34.4 | 86815.0
        Depths |  12.4 |  12.3 |   9.1 |  33.3 |  21.2 | 53490.4
          Hell |   0.6 |   0.6 |   0.0 |   0.0 |   0.8 | 10619.0
         Abyss |   2.0 |   2.0 |   0.0 |   0.0 |   1.3 | 8480.5
       Ossuary |   1.2 |   1.2 |   0.0 |   0.0 |   0.1 | 725.0
      Ice Cave |   2.5 |   2.5 |   0.0 |   0.0 |   0.9 | 10780.0
        Wizlab |   1.7 |   1.7 |   0.0 |   0.0 |   2.7 | 34180.0
               +-------+-------+-------+-------+-------+----------------------
